 Dungeon Crawl Stone Soup version 0.21-a0-125-gb006224 (webtiles) character file.

4 Kurtz the Skirmisher (level 1, 6/12 HPs)
             Began as an Octopode Abyssal Knight on July 14, 2017.
             Was a Follower of Lugonu.
             Quit the game on level 1 of the Dungeon.
             The game lasted 00:00:26 (116 turns).

Kurtz the Skirmisher (Octopode Abyssal Knight)       Turns: 116, Time: 00:00:27

Health: 6/12       AC:  1    Str:  7    XL:     1   Next: 60%
Magic:  2/2        EV: 13    Int: 14    God:    Lugonu [*.....]
Gold:   0          SH:  0    Dex: 11    Spells: 0/0 levels left

rFire    . . .     SeeInvis .   a - +1 hand axe
rCold    . . .     Gourm    .   (no shield)
rNeg     . . .     Faith    .   (helmet restricted)
rPois    .         Spirit   .   (no amulet)
rElec    .         Reflect  .   (no ring)
rCorr    .         Harm     .   (no ring)
MR       .....                  (no ring)
Stlth    ++........             (no ring)
HPRegen  0.04/turn              (no ring)
MPRegen  0.08/turn              (no ring)
                                (no ring)
                                (no ring)

@: no status effects
A: almost no armour, stealthy swim, amphibious, 8 rings, constrict 8, camouflage
1, [frail 2], [weak 2], gelatinous body 1
a: Depart the Abyss, Renounce Religion


You were on level 1 of the Dungeon.
You worshipped Lugonu.
Lugonu was aware of your devotion.
You were not hungry.

You visited 1 branch of the dungeon, and saw 1 of its levels.
You visited the Abyss 1 time.

Inventory:

Hand Weapons
 a - a +1 hand axe (weapon)
Comestibles
 b - a bread ration


   Skills:
 - Level 3.0 Fighting
 * Level 2.4 Axes
 - Level 2.3 Dodging
 - Level 2.0 Invocations


You couldn't memorise any spells.
You didn't know any spells.

Dungeon Overview and Level Annotations

Branches:
Dungeon (1/15)

Altars:


Innate Abilities, Weirdness & Mutations

You cannot wear most types of armour.
You are very stealthy in the water. (Stealth+)
You are amphibious.
You can wear up to eight rings at the same time.
You can use your tentacles to constrict eight enemies at once.
Your skin changes colour to match your surroundings (Stealth+).
Your rubbery body absorbs attacks. (AC +1, EV +1)
[You are very frail. (-20% HP)]
[You are very weak. (Str -4)]


Message History

You are too injured to fight recklessly!
You are too injured to fight recklessly!
You are too injured to fight recklessly!
You are too injured to fight recklessly!
You are too injured to fight recklessly!
You are too injured to fight recklessly!
You are too injured to fight recklessly!
You are too injured to fight recklessly!
You are too injured to fight recklessly!
You are too injured to fight recklessly!
You are too injured to fight recklessly!
You are too injured to fight recklessly!
You are too injured to fight recklessly!
You are too injured to fight recklessly!
You are too injured to fight recklessly!
You are too injured to fight recklessly!
You hit the dart slug.
You kill the dart slug!
Lugonu accepts your kill.
Are you sure you want to abandon this character and quit the game? (Confirm with "yes".)

. .. #. .#
###.######.#
............####
.....§.......!...
.....§§........#
#...§...#.....# .
≈.!.#..≈..#...≈..#....
.≈..#..≈..#..≈@.......
..≈..#.≈§#..≈.........
...≈.#.§.#.≈...#......
#..≈.#.#.≈..##.......
. #.≈...≈.##......##.
..§.#.....#........#
≈≈≈≈...<...≈≈≈§≈≈.##
....#.....#.......#
..##.≈.).≈.##.....


There were no monsters in sight!

Vanquished Creatures
  A dart slug (D:1)
  A frilled lizard (D:1)
  A rat (D:1)
3 creatures vanquished.

Vanquished Creatures (others)
  2 starspawn tentacles (Abyss:1)
2 creatures vanquished.

Grand Total: 5 creatures vanquished

Notes
Turn   | Place    | Note
-------+----------+-------------------------------------------
     0 | Abyss:1  | Kurtz the Octopode Abyssal Knight began the quest for the Orb.
     0 | Abyss:1  | Reached XP level 1. HP: 16/16 MP: 2/2
     9 | Abyss:1  | Found a corrupted altar of Lugonu.
    54 | Abyss:1  | Noticed an ancient zyme
    58 | Abyss:1  | Noticed a wretched star
    65 | Abyss:1  | Noticed a starcursed mass
    93 | Abyss:1  | Noticed a phantasmal warrior
    95 | Abyss:1  | Noticed a tentacled starspawn
   103 | D:1      | Escaped the Abyss
   116 | D:1      | Quit the game

Vault maps used:
D:1:      minmay_arrival_radiant_lines, minmay_misc_feat_columns

Action                   || total
-------------------------++-------
Melee: Hand axe          ||     4
       Constrict         ||     2
       Tentacles         ||     2
 Stab: Sleeping          ||     1
Dodge: Dodged            ||     3
